[Event "DFMMLV 2019"]
[Site "Braunfels"]
[Date "2019.06.20"]
[Round "1.44"]
[White "Lerch, Cornelia"]
[Black "Boettger, Sina Fleur"]
[Result "1/2-1/2"]
[ECO "B22"]
[WhiteElo "1861"]
[BlackElo "1744"]
[Annotator "NA"]
[PlyCount "85"]
[EventDate "2019.06.20"]
[EventType "team-tourn"]
[EventCountry "GER"]
[SourceTitle "playchess.com"]
[Source "ChessBase"]
[SourceQuality "1"]
[WhiteTeam "Rheinland Pfalz"]
[TimeControl "40/5400+30:1800+30"]

1. e4 c5 2. c3 d5 3. exd5 Qxd5 4. d4 Nc6 5. Nf3 Bg4 6. Be2 Nf6 7. Be3 cxd4 8. cxd4 e6 9. Nc3 Qa5 10. a3 Bd6 11. O-O a6 12. h3 Bh5 13. b4 Qd8 14. Qb3 O-O 15. Rfd1 Ne7 16. Bg5 Nfd5 17. Nxd5 exd5 18. Re1 f6 19. Bh4 Kh8 20. g4 Bf7 21. Qe3 Ng6 22. Bg3 Re8 23. Qd2 Bxg3 24. fxg3 Qd6 25. Kg2 Ne7 26. Bd3 Bg6 27. Bxg6 Nxg6 28. Rxe8+ Rxe8 29. Re1 Qc6 30. Rxe8+ Qxe8 31. Qe1 Qxe1 32. Nxe1 Ne7 33. Kf3 Nc6 34. Ke3 Kg8 35. Nd3 b6 36. Nf4 Ne7 37. Kd3 Kf7 38. Kc3 g5 39. Nd3 Ke6 40. a4 Kd6 41. a5 bxa5 42. bxa5 Nc6 43. Nb4 1/2-1/2

[Event "DFMMLV 2019"]
[Site "Braunfels"]
[Date "2019.06.20"]
[Round "1.45"]
[White "Grining, Maria"]
[Black "Marx, Christina"]
[Result "1-0"]
[ECO "E11"]
[WhiteElo "1709"]
[BlackElo "1605"]
[Annotator "NA"]
[PlyCount "67"]
[EventDate "2019.06.20"]
[EventType "team-tourn"]
[EventCountry "GER"]
[SourceTitle "playchess.com"]
[Source "ChessBase"]
[SourceQuality "1"]
[WhiteTeam "Baden"]
[BlackTeam "Rheinland Pfalz"]
[TimeControl "40/5400+30:1800+30"]

1. d4 Nf6 2. Nf3 e6 3. c4 Bb4+ 4. Bd2 c5 5. Bxb4 cxb4 6. Nbd2 Nc6 7. e4 d6 8. d5 exd5 9. cxd5 Ne7 10. Qa4+ Nd7 11. Nc4 O-O 12. Qxb4 Nc5 13. Ne3 Ng6 14. e5 Nf4 15. Qxf4 h6 16. Be2 g5 17. Qb4 a5 18. Qd4 b6 19. O-O dxe5 20. Qxe5 Re8 21. Qc3 Ne4 22. Qc6 Ra7 23. Rac1 f6 24. Rfd1 Bd7 25. Qc2 f5 26. d6 g4 27. Ne1 Qh4 28. Bc4+ Kf8 29. Bd3 f4 30. Bxe4 fxe3 31. g3 Qf6 32. fxe3 Bb5 33. Bd3 Bd7 34. Qf2 1-0

[Event "DFMMLV 2019"]
[Site "Braunfels"]
[Date "2019.06.20"]
[Round "1.46"]
[White "Perovic-Ottstadt, Sanja"]
[Black "Doll, Rebecca"]
[Result "0-1"]
[ECO "D05"]
[WhiteElo "1593"]
[BlackElo "1678"]
[Annotator "NA RC"]
[PlyCount "46"]
[EventDate "2019.06.20"]
[EventType "team-tourn"]
[EventCountry "GER"]
[SourceTitle "playchess.com"]
[Source "ChessBase"]
[SourceQuality "1"]
[BlackTeam "Baden"]
[TimeControl "40/5400+30:1800+30"]

1. d4 Nf6 2. Nf3 d5 3. e3 e6 4. Bd3 c5 5. c3 Nc6 6. Nbd2 Bd6 7. O-O O-O 8. dxc5 Bxc5 9. e4 e5 10. Qc2 Bg4 11. h3 Bh5 12. exd5 Qxd5 13. Bc4 Qd7 14. Re1 Rfe8 15. Bb3 a6 16. Qd1 e4 17. g4 exf3 18. Rxe8+ Rxe8 19. gxh5 Qxh3 20. Nxf3 Bxf2+ 21. Kxf2 Ng4+ 22. Kg1 Qg3+ 23. Kh1 Nf2# 0-1

[Event "DFMMLV 2019"]
[Site "Braunfels"]
[Date "2019.06.20"]
[Round "1.47"]
[White "Landenberger, Anja Kathrin"]
[Black "Boos-Guckes, Astrid"]
[Result "1-0"]
[ECO "A40"]
[WhiteElo "1781"]
[BlackElo "1329"]
[Annotator "NA"]
[PlyCount "79"]
[EventDate "2019.06.20"]
[EventType "team-tourn"]
[EventCountry "GER"]
[SourceTitle "playchess.com"]
[Source "ChessBase"]
[SourceQuality "1"]
[BlackTeam "Rheinland Pfalz"]
[TimeControl "40/5400+30:1800+30"]

1. d4 e6 2. Nf3 d5 3. Bf4 c5 4. c3 Bd7 5. e3 Qb6 6. Qb3 c4 7. Qc2 Nf6 8. h3 Be7 9. Nbd2 O-O 10. Be2 Nc6 11. O-O Rfc8 12. Rfe1 Na5 13. Ne5 Qd8 14. e4 b5 15. Nxd7 Qxd7 16. Bf3 Nc6 17. exd5 exd5 18. Be5 Nxe5 19. dxe5 Ne8 20. Bg4 Qc6 21. Bxc8 Rxc8 22. Nf3 h6 23. Nd4 Qb6 24. Qf5 Rc7 25. Re3 Bc5 26. Rd1 b4 27. Rg3 bxc3 28. bxc3 Qb2 29. e6 fxe6 30. Qxe6+ Kf8 31. Rf3+ Nf6 32. Re1 Be7 33. Qxd5 Qb8 34. Ne6+ Kg8 35. Rxf6 gxf6 36. Nxc7+ Kg7 37. Rxe7+ Kg6 38. Qf7+ Kf5 39. Qh5+ Kf4 40. Nd5# 1-0

[Event "DFMMLV 2019"]
[Site "Braunfels"]
[Date "2019.06.20"]
[Round "1.48"]
[White "Marx, Sarah"]
[Black "Johe, Hildegard"]
[Result "*"]
[ECO "B06"]
[WhiteElo "1068"]
[BlackElo "1353"]
[Annotator "NA RC"]
[PlyCount "54"]
[EventDate "2019.06.20"]
[EventType "team-tourn"]
[EventCountry "GER"]
[SourceTitle "playchess.com"]
[Source "ChessBase"]
[SourceQuality "1"]
[WhiteTeam "Rheinland Pfalz"]
[BlackTeam "Baden"]
[TimeControl "40/5400+30:1800+30"]

1. e4 g6 2. d4 Bg7 3. Nf3 d6 4. Bd3 Nf6 5. h3 O-O 6. O-O Nbd7 7. Bf4 Nb6 8. Qe2 c6 9. b3 d5 10. e5 Ne8 11. c4 dxc4 12. bxc4 Nc7 13. Nc3 Be6 14. Rab1 Rb8 15. Be3 f5 16. Ng5 h6 17. Nxe6 Nxe6 18. d5 cxd5 19. Bxb6 axb6 20. Nxd5 Nc5 21. Rfe1 e6 22. Nf4 g5 23. Ng6 Nxd3 24. Red1 Re8 25. Rxd3 Qc7 26. g3 Kh7 27. Qh5 Qf7 *

[Event "DFMMLV 2019"]
[Site "Braunfels"]
[Date "2019.06.20"]
[Round "1.49"]
[White "Liez, Franziska"]
[Black "Braeutigam, Irina"]
[Result "1/2-1/2"]
[ECO "B13"]
[WhiteElo "1829"]
[BlackElo "1973"]
[Annotator "NA"]
[PlyCount "82"]
[EventDate "2019.06.20"]
[EventType "team-tourn"]
[EventCountry "GER"]
[SourceTitle "playchess.com"]
[Source "ChessBase"]
[SourceQuality "1"]
[BlackTeam "Schleswig Holstein"]
[TimeControl "40/5400+30:1800+30"]

1. e4 c6 2. d4 d5 3. exd5 cxd5 4. Bd3 Nc6 5. c3 Qc7 6. Ne2 Nf6 7. Bf4 Qb6 8. Qb3 Qd8 9. h3 g6 10. Nd2 Bg7 11. O-O O-O 12. Nf3 Na5 13. Qc2 Nc4 14. Ne5 Nd6 15. Ng3 Be6 16. Qd2 Nc4 17. Qe2 Rc8 18. Rac1 a6 19. b3 Na5 20. Rfd1 b5 21. Qd2 Nc6 22. Nxc6 Rxc6 23. Bh6 Qd7 24. Bxg7 Kxg7 25. Rc2 Rfc8 26. Rdc1 Qc7 27. Kh1 Ne8 28. Qe3 Qd7 29. h4 f6 30. f4 Nd6 31. h5 Kf7 32. Qf3 Nf5 33. Ne2 Nh6 34. hxg6+ hxg6 35. Ng3 Nf5 36. Nxf5 Bxf5 37. Kg1 Bxd3 38. Qxd3 Qg4 39. Qd2 Qf5 40. Rb2 R8c7 41. Rbc2 Rc8 1/2-1/2

[Event "DFMMLV 2019"]
[Site "Braunfels"]
[Date "2019.06.20"]
[Round "1.50"]
[White "Glinzner, Alva"]
[Black "Tornay, Haizea"]
[Result "1-0"]
[ECO "B19"]
[WhiteElo "1833"]
[BlackElo "1598"]
[Annotator "NA"]
[PlyCount "91"]
[EventDate "2019.06.20"]
[EventType "team-tourn"]
[EventCountry "GER"]
[SourceTitle "playchess.com"]
[Source "ChessBase"]
[SourceQuality "1"]
[WhiteTeam "Schleswig Holstein"]
[BlackTeam "Hessen 2"]
[TimeControl "40/5400+30:1800+30"]

1. e4 c6 2. d4 d5 3. Nc3 dxe4 4. Nxe4 Bf5 5. Ng3 Bg6 6. Nf3 Nd7 7. h4 h6 8. h5 Bh7 9. Bd3 Bxd3 10. Qxd3 e6 11. Bd2 Ngf6 12. O-O-O Qc7 13. Kb1 O-O-O 14. Ne4 Nxe4 15. Qxe4 Nf6 16. Qe2 Bd6 17. c4 Rhe8 18. Ne5 Bxe5 19. dxe5 Nd7 20. Bc3 Nc5 21. Bd4 Na4 22. Qc2 c5 23. Be3 Nb6 24. f4 Qe7 25. b3 Nd7 26. Qf2 b6 27. Qf3 Nb8 28. Qg4 f5 29. Qe2 Qb7 30. Bc1 Qe4+ 31. Qxe4 fxe4 32. Rde1 Rd4 33. Bb2 Rd2 34. Rhg1 Rf8 35. Rxe4 Rf2 36. Bc1 Nc6 37. Be3 Re2 38. Bxc5 Rxe4 39. Bxf8 Rxf4 40. Bxg7 Rf5 41. g4 Rf3 42. Bxh6 Nxe5 43. Bg7 Nd7 44. g5 Rh3 45. h6 Rh5 46. g6 1-0

[Event "DFMMLV 2019"]
[Site "Braunfels"]
[Date "2019.06.20"]
[Round "1.51"]
[White "Krausse, Vanessa"]
[Black "Leib, Britta"]
[Result "0-1"]
[ECO "C02"]
[WhiteElo "1645"]
[BlackElo "1884"]
[Annotator "NA"]
[PlyCount "59"]
[EventDate "2019.06.20"]
[EventType "team-tourn"]
[EventCountry "GER"]
[SourceTitle "playchess.com"]
[Source "ChessBase"]
[SourceQuality "1"]
[WhiteTeam "Hessen 2"]
[BlackTeam "Schleswig Holstein"]
[TimeControl "40/5400+30:1800+30"]

1. e4 e6 2. d4 d5 3. e5 c5 4. c3 Nc6 5. f4 Qb6 6. Nf3 h5 7. Bd3 Bd7 8. Be3 Qxb2 9. O-O c4 10. Be2 Nh6 11. Nh4 Be7 12. Nf3 Nf5 13. Bc1 Qxa1 14. Qc2 Ncxd4 15. Nxd4 Nxd4 16. cxd4 Qxd4+ 17. Kh1 Qb6 18. Nc3 d4 19. Na4 Qc6 20. Bd1 Rc8 21. Nb2 g6 22. Bf3 Qb5 23. Rd1 d3 24. Qc3 O-O 25. f5 exf5 26. Bh6 Be6 27. Qe1 Rfd8 28. Qg3 h4 29. Qf2 c3 30. Ra1 0-1

[Event "DFMMLV 2019"]
[Site "Braunfels"]
[Date "2019.06.20"]
[Round "1.52"]
[White "Hielscher, Ursula"]
[Black "Buchholz, Maja"]
[Result "1-0"]
[ECO "E81"]
[WhiteElo "1796"]
[BlackElo "1657"]
[Annotator "NA RC"]
[PlyCount "71"]
[EventDate "2019.06.20"]
[EventType "team-tourn"]
[EventCountry "GER"]
[SourceTitle "playchess.com"]
[Source "ChessBase"]
[SourceQuality "1"]
[WhiteTeam "Schleswig Holstein"]
[BlackTeam "Hessen 2"]
[TimeControl "40/5400+30:1800+30"]

1. d4 Nf6 2. c4 g6 3. Nc3 Bg7 4. e4 d6 5. f3 O-O 6. Be3 a5 7. Qd2 Re8 8. O-O-O Na6 9. Bd3 b6 10. e5 Nd7 11. Be4 Rb8 12. exd6 cxd6 13. h4 Nf6 14. Bc6 Bd7 15. Bxd7 Qxd7 16. g4 h5 17. g5 Nh7 18. Nge2 Qc6 19. b3 Qxf3 20. Rhf1 Qc6 21. Qd3 Nb4 22. Qb1 Nf8 23. a3 Na6 24. Rf2 Nd7 25. Nf4 Rf8 26. Ncd5 Rbe8 27. Nxg6 fxg6 28. Qxg6 Qc8 29. Qe6+ Kh7 30. Nxe7 Rxe7 31. Qxe7 Re8 32. g6+ Kh8 33. Qg5 Rf8 34. Qxh5+ Bh6 35. Qxh6+ Kg8 36. Qh7# 1-0

[Event "DFMMLV 2019"]
[Site "Braunfels"]
[Date "2019.06.20"]
[Round "1.53"]
[White "Schwegler, Jelena"]
[Black "Franzenburg, Maria"]
[Result "1/2-1/2"]
[ECO "C17"]
[WhiteElo "1511"]
[BlackElo "1860"]
[Annotator "NA"]
[PlyCount "59"]
[EventDate "2019.06.20"]
[EventType "team-tourn"]
[EventCountry "GER"]
[SourceTitle "playchess.com"]
[Source "ChessBase"]
[SourceQuality "1"]
[WhiteTeam "Hessen 2"]
[BlackTeam "Schleswig Holstein"]
[TimeControl "40/5400+30:1800+30"]

1. e4 e6 2. d4 d5 3. Nc3 Bb4 4. e5 c5 5. a3 cxd4 6. Qxd4 Nc6 7. Bb5 Bd7 8. Bxc6 Bxc3+ 9. Qxc3 Bxc6 10. Qg3 Kf8 11. Nf3 h5 12. O-O Nh6 13. Nd4 Bd7 14. Bd2 a5 15. Rae1 b5 16. Bg5 Qb6 17. Qf4 Nf5 18. Nxf5 exf5 19. Re3 Rc8 20. c3 Rc4 21. Qf3 Rg4 22. h4 Kg8 23. b3 Qe6 24. Qe2 Re4 25. f3 Rxe3 26. Qxe3 Kh7 27. Rd1 Kg6 28. Qd4 Bc6 29. Rd2 Re8 30. Bf4 1/2-1/2

[Event "DFMMLV 2019"]
[Site "Braunfels"]
[Date "2019.06.20"]
[Round "1.54"]
[White "Mundt, Alexandra"]
[Black "Goetz, Fenja"]
[Result "1-0"]
[ECO "A04"]
[WhiteElo "1797"]
[BlackElo "1528"]
[Annotator "NA"]
[PlyCount "67"]
[EventDate "2019.06.20"]
[EventType "team-tourn"]
[EventCountry "GER"]
[SourceTitle "playchess.com"]
[Source "ChessBase"]
[SourceQuality "1"]
[WhiteTeam "Schleswig Holstein"]
[BlackTeam "Hessen 2"]
[TimeControl "40/5400+30:1800+30"]

1. Nf3 Nc6 2. d4 d5 3. g3 Bf5 4. Bg2 Nf6 5. a3 g6 6. b3 Bg7 7. Bb2 O-O 8. O-O Re8 9. Nbd2 Ne4 10. e3 Bg4 11. h3 Nxd2 12. Qxd2 Bf5 13. Nh4 Bd7 14. Kh2 Bc8 15. Rab1 e5 16. dxe5 Nxe5 17. Qxd5 c6 18. Qxd8 Rxd8 19. f4 Nd7 20. Bxg7 Kxg7 21. Rbd1 Re8 22. e4 Nb6 23. g4 Bd7 24. Rd2 Re7 25. f5 gxf5 26. gxf5 Kg8 27. Bf3 Kh8 28. Ng2 Rae8 29. Nf4 Bc8 30. Nh5 Rg8 31. Nf6 Rg7 32. Rd8+ Re8 33. Rxe8+ Rg8 34. Rxg8# 1-0

[Event "DFMMLV 2019"]
[Site "Braunfels"]
[Date "2019.06.20"]
[Round "1.55"]
[White "von Beckh, Frieda"]
[Black "Freter, Anke"]
[Result "1-0"]
[ECO "B21"]
[WhiteElo "1465"]
[BlackElo "1856"]
[Annotator "NA RC"]
[PlyCount "53"]
[EventDate "2019.06.20"]
[EventType "team-tourn"]
[EventCountry "GER"]
[SourceTitle "playchess.com"]
[Source "ChessBase"]
[SourceQuality "1"]
[BlackTeam "Schleswig Holstein"]
[TimeControl "40/5400+30:1800+30"]

1. e4 c5 2. d4 cxd4 3. c3 Nc6 4. cxd4 d5 5. exd5 Qxd5 6. Nf3 e5 7. Nc3 Bb4 8. Bd2 Bxc3 9. Bxc3 Bg4 10. dxe5 Qe4+ 11. Qe2 Bxf3 12. gxf3 Qxe2+ 13. Bxe2 Nge7 14. Bc4 O-O 15. Rg1 Ng6 16. f4 Rae8 17. O-O-O Nxf4 18. e6 Ng6 19. exf7+ Rxf7 20. Bxf7+ Kxf7 21. f4 Re7 22. Rd5 Kg8 23. f5 Nf4 24. Rd2 Rf7 25. f6 g6 26. Re1 Kf8 27. Bb4+ {[%emt 0:01:56] Nb8} 1-0

[Event "DFMMLV 2019"]
[Site "Braunfels"]
[Date "2019.06.20"]
[Round "1.56"]
[White "Braeutigam, Katerina"]
[Black "Biesdorf, Ina"]
[Result "0-1"]
[ECO "C62"]
[WhiteElo "1697"]
[BlackElo "1405"]
[Annotator "NA"]
[PlyCount "79"]
[EventDate "2019.06.20"]
[EventType "team-tourn"]
[EventCountry "GER"]
[SourceTitle "playchess.com"]
[Source "ChessBase"]
[SourceQuality "1"]
[WhiteTeam "Schleswig Holstein"]
[BlackTeam "Hessen 2"]
[TimeControl "40/5400+30:1800+30"]

1. e4 e5 2. Nf3 Nc6 3. Bb5 d6 4. c3 Bd7 5. h3 Be7 6. O-O a6 7. Ba4 Nf6 8. Re1 O-O 9. d4 h6 10. Nbd2 exd4 11. cxd4 Nb4 12. Bc2 Nxc2 13. Qxc2 Re8 14. Nf1 Nh7 15. Ng3 Ng5 16. Re3 Bf6 17. Nxg5 Bxg5 18. Rf3 Bf6 19. Be3 Rc8 20. Nh5 Bh4 21. Qb3 Be6 22. Qxb7 Bc4 23. Bd2 Be2 24. Qd5 Bxf3 25. gxf3 g6 26. Nf4 Bg5 27. Rd1 Qf6 28. Ng2 Bxd2 29. Rxd2 Qxf3 30. Qb7 Qxe4 31. Qxa6 Ra8 32. Qc4 c5 33. a3 Re5 34. h4 Rd5 35. Ne3 Rxd4 36. Rxd4 Qxd4 37. Qb5 Qa4 38. Qb7 Qe8 39. Ng4 Kg7 40. Qb3 0-1

[Event "DFMMLV 2019"]
[Site "Braunfels"]
[Date "2019.06.21"]
[Round "2.3"]
[White "Mira, Helene"]
[Black "Zhang, Fan"]
[Result "1-0"]
[ECO "A46"]
[WhiteElo "2029"]
[BlackElo "2069"]
[Annotator "NA RC"]
[PlyCount "141"]
[EventDate "2019.06.20"]
[EventType "team-tourn"]
[EventCountry "GER"]
[SourceTitle "playchess.com"]
[Source "ChessBase"]
[SourceQuality "1"]
[WhiteTeam "Wuerttemberg 1"]
[BlackTeam "Baden"]
[TimeControl "40/5400+30:1800+30"]

1. Nf3 Nf6 2. d4 e6 3. e3 d5 4. b3 Nbd7 5. Bd3 Bd6 6. Bb2 {[%emt 0:00:14] D05: Colle System with ...e6} O-O 7. Nbd2 (7. O-O c5 8. Nbd2 b6 9. Ne5 Bb7 10. f4 cxd4 11. exd4 Ne4 12. Qe2 f5 13. Nxe4 fxe4 14. Bb5 Nxe5 15. fxe5 Bc7 16. Ba3 Rf5 17. Qg4 Qg5 18. Qxg5 Rxg5 {1-0 (28) Dzagnidze,N (2522)-Lei,T (2528) Riadh 2017}) 7... Re8 8. Ne5 c5 9. O-O b6 10. f4 Bb7 11. Qf3 Qc7 12. Qh3 Ne4 $146 ({Predecessor:} 12... cxd4 13. exd4 Bf8 14. Rae1 g6 15. Ndf3 Bg7 16. Ng5 Rf8 17. Ngxf7 Rxf7 18. Nxf7 Kxf7 19. Qxe6+ {1-0 (29) Nguyen,T-Nguyen Thi Hoang,O Dong Thap 2000}) 13. Nxe4 dxe4 14. Bb5 Bxe5 15. fxe5 a6 16. Bxd7 Qxd7 17. c4 cxd4 18. Bxd4 b5 19. c5 b4 20. Qh5 Bc6 21. Rf4 Bb5 22. Rh4 h6 23. Rxe4 Bd3 24. Rf4 Re7 25. Rc1 Rc8 26. Qd1 Bb5 27. Rc2 a5 28. Qh5 Qb7 29. Rcf2 Bd3 30. Qf3 Qxf3 31. gxf3 h5 32. Rh4 g6 33. Rh3 Rd7 34. Rg3 Kf8 35. h4 Ke7 36. Kh2 Ke8 37. Rg1 Ke7 38. Rd2 Bb5 39. Rgd1 Rcd8 40. Kg3 Bc6 41. Kf4 Rc8 42. e4 Rcd8 43. Ke3 Bb5 44. c6 Bxc6 45. Bc5+ Ke8 46. Bd6 a4 47. Rc1 Bb5 48. Rc5 Rb7 49. Rdc2 axb3 50. axb3 f6 51. Kf4 fxe5+ 52. Kxe5 Bd7 (52... Kf7 $16 {might work better.}) 53. R2c4 Ra8 54. Kf6 Ra3 55. Rg5 Rxb3 56. f4 Bb5 57. Rd4 ({Stronger than} 57. Rxb4 Rxb4 58. Bxb4 Bd3 $11) 57... Rf7+ 58. Kxg6 Be2 $1 $11 {[%emt 0:00:36] [#] and Black has nothing to worry.} (58... Rd3 $142 59. Rxb4 Rxd6 60. Rgxb5 e5+ 61. Kxh5 exf4) 59. Ra5 $2 (59. f5 $1 $18 exf5 60. exf5 Rd7 61. Re4+ {[%mdl 64] Double Attack} Kd8) 59... Rg3+ $1 60. Rg5 Rxg5+ $4 61. hxg5 b3 62. Rb4 Rd7 63. e5 Bd1 (63... h4 $142 64. Rb8+ Rd8 65. Rxb3 Bd1) 64. Kf6 $2 (64. Kh6 $18 {is more deadly.} Rd8 65. g6) 64... Rf7+ $16 65. Kxe6 Bg4+ 66. Kd5 Bf3+ 67. Kc5 b2 68. Rxb2 Ra7 69. g6 Ra5+ 70. Kd4 Ra7 71. f5 1-0

[Event "DFMMLV 2019"]
[Site "Braunfels"]
[Date "2019.06.21"]
[Round "2.4"]
[White "Schneider, Birgit"]
[Black "Gheng, Simona"]
[Result "0-1"]
[ECO "B22"]
[WhiteElo "1874"]
[BlackElo "1991"]
[Annotator "NA RC"]
[PlyCount "98"]
[EventDate "2019.06.20"]
[EventType "team-tourn"]
[EventCountry "GER"]
[SourceTitle "playchess.com"]
[Source "ChessBase"]
[SourceQuality "1"]
[WhiteTeam "Baden"]
[BlackTeam "Wuerttemberg 1"]
[TimeControl "40/5400+30:1800+30"]

1. e4 c5 2. c3 d6 3. d4 cxd4 4. cxd4 g6 5. Nc3 Bg7 6. h3 Nc6 7. Nf3 a6 8. Be2 Nf6 9. O-O Nd7 10. Be3 b5 11. a3 Bb7 12. Rc1 Rc8 13. Qb3 Na5 14. Qa2 Nc4 15. Bxc4 Rxc4 16. a4 O-O 17. axb5 axb5 18. Nd2 Rc8 19. Nd5 Bxd5 20. Qxd5 Rb8 21. Rc2 Qa5 22. Rfc1 Nb6 23. Qb3 h5 24. Rc7 Nc4 25. Nxc4 Qxc7 26. Ne5 Qb7 27. Nxg6 Rfc8 28. Rxc8+ Rxc8 29. Nf4 Qxe4 30. Nxh5 Bxd4 31. Bxd4 Rc1+ 32. Kh2 Qxd4 33. Qg3+ Kf8 34. Nf4 Rc4 35. Nd3 Qf6 36. Qe3 Rd4 37. g3 e5 38. Kg2 Qg6 39. Ne1 Qe4+ 40. Qxe4 Rxe4 41. Nf3 Rb4 42. Ng5 d5 43. h4 Rxb2 44. Kf3 Kg7 45. Ke3 d4+ 46. Kf3 f5 47. Nh3 Rb3+ 48. Ke2 Rc3 49. Kd2 b4 0-1

[Event "DFMMLV 2019"]
[Site "Braunfels"]
[Date "2019.06.21"]
[Round "2.5"]
[White "Zeller, Elisa"]
[Black "Boettger, Sina Fleur"]
[Result "1/2-1/2"]
[ECO "B32"]
[WhiteElo "1953"]
[BlackElo "1744"]
[Annotator "NA RC"]
[PlyCount "126"]
[EventDate "2019.06.20"]
[EventType "team-tourn"]
[EventCountry "GER"]
[SourceTitle "playchess.com"]
[Source "ChessBase"]
[SourceQuality "1"]
[WhiteTeam "Wuerttemberg 1"]
[BlackTeam "Baden"]
[TimeControl "40/5400+30:1800+30"]

1. e4 c5 2. Nf3 Nc6 3. d4 cxd4 4. Nxd4 g6 5. Nc3 Bg7 6. Be3 Nf6 7. Be2 O-O 8. O-O d5 9. exd5 Nxd5 10. Nxd5 Qxd5 11. Bf3 Qc4 12. b3 {[%emt 0:19:05] B34: Sicilian: Accelerated Dragon with 5 Nc3: sidelines} (12. Nxc6 bxc6 13. c3 Be6 14. b3 Qxc3 15. Rc1 Qa5 16. Bxc6 Rac8 17. Qe2 Rfd8 18. h3 Bd4 19. Bh6 Bg7 20. Be3 Bd4 21. Bh6 Bg7 22. Be3 Bd4 {½-½ (22) Jobava,B (2727)-Vachier Lagrave,M (2757) Wijk aan Zee 2015}) 12... Qc3 13. Nxc6 bxc6 14. Rb1 Ba6 $146 ({Predecessor:} 14... Bf5 15. Rc1 Rfd8 16. Qe2 Rd6 17. Rfd1 a5 18. g4 Be6 19. Bd2 Qb2 {½-½ (65) Hornik,B (1807)-Wolanski,M (1923) Wagrowiec 2017}) 15. Re1 Rad8 16. Qc1 Bd4 17. Bxd4 Rxd4 18. Qe3 Qxe3 19. Rxe3 e6 20. Bxc6 Rd2 21. Be4 Rfd8 22. a4 f5 23. Bf3 Kf7 24. c4 Kf6 25. Rbe1 Re8 26. Re5 Rd6 27. c5 Rd3 28. b4 Bc4 29. c6 Rc8 30. b5 Rc7 31. Be2 Kxe5 32. Bxd3+ Kd4 33. Bxc4 Kxc4 34. Rxe6 Kb4 35. Rd6 Kxa4 36. Rd7 Rc8 37. Rxa7+ Kxb5 38. Rxh7 Kxc6 39. h4 Kd5 40. Kh2 Ke5 41. Rb7 Rh8 42. Kg3 Kf6 43. Rb4 Ke6 44. Kf3 Kf6 45. g3 Ra8 46. Kf4 Ra6 47. g4 fxg4 48. Kxg4 Ra5 49. Rf4+ Kg7 50. Re4 Rb5 51. f4 Rb1 52. Re3 Rb5 $11 53. Re5 Rb1 54. h5 Rg1+ 55. Kf3 gxh5 56. Rxh5 Kf6 57. Ra5 Rf1+ 58. Kg3 Rg1+ 59. Kf2 Rb1 60. Ra8 Rb3 61. Rf8+ Kg6 62. Rc8 Kf5 63. Rc4 Ra3 1/2-1/2

[Event "DFMMLV 2019"]
[Site "Braunfels"]
[Date "2019.06.21"]
[Round "2.6"]
[White "Grining, Maria"]
[Black "Heil, Marina"]
[Result "0-1"]
[ECO "A40"]
[WhiteElo "1709"]
[BlackElo "1979"]
[Annotator "NA RC"]
[PlyCount "96"]
[EventDate "2019.06.20"]
[EventType "team-tourn"]
[EventCountry "GER"]
[SourceTitle "playchess.com"]
[Source "ChessBase"]
[SourceQuality "1"]
[WhiteTeam "Baden"]
[BlackTeam "Wuerttemberg 1"]
[TimeControl "40/5400+30:1800+30"]

1. d4 g6 2. Nf3 Bg7 3. c4 c5 4. e3 cxd4 5. exd4 d6 6. Nc3 Nf6 7. Be2 O-O 8. O-O Nc6 9. a3 a6 10. h3 Qc7 11. Be3 Na5 12. Na4 Nxc4 13. Bxc4 b5 14. Bd3 bxa4 15. Qxa4 Bd7 16. Qd1 Rfb8 17. Qe2 Bb5 18. Bxb5 Rxb5 19. Rfc1 Qb7 20. Rc2 Rb3 21. Rac1 Nd5 22. Ne1 Rb8 23. Nd3 h6 24. Qd2 a5 25. Rd1 Qb5 26. a4 Qxa4 27. Nc1 Rxb2 28. Rxb2 Rxb2 29. Qxb2 Qxd1+ 30. Kh2 Qa4 31. Ne2 Qc4 32. Qd2 a4 33. Nf4 Nxf4 34. Bxf4 Bxd4 35. Bxh6 Be5+ 36. g3 Qb3 37. Qa5 Kh7 38. Bg5 Qc2 39. Be3 Kg7 40. Qb4 Qb3 41. Qh4 Bf6 42. Bh6+ Kg8 43. Bg5 a3 44. Bxf6 exf6 45. Qxf6 Qb2 46. Qd8+ Kg7 47. Qxd6 Qxf2+ 48. Kh1 Qb2 0-1

[Event "DFMMLV 2019"]
[Site "Braunfels"]
[Date "2019.06.21"]
[Round "2.7"]
[White "Valkova, Anzhelika"]
[Black "Doll, Rebecca"]
[Result "1-0"]
[ECO "D51"]
[WhiteElo "1944"]
[BlackElo "1678"]
[Annotator "NA RC"]
[PlyCount "65"]
[EventDate "2019.06.20"]
[EventType "team-tourn"]
[EventCountry "GER"]
[SourceTitle "playchess.com"]
[Source "ChessBase"]
[SourceQuality "1"]
[WhiteTeam "Wuerttemberg 1"]
[BlackTeam "Baden"]
[TimeControl "40/5400+30:1800+30"]

1. d4 Nf6 2. c4 e6 3. Nc3 d5 4. Bg5 Nbd7 5. Nf3 Be7 6. e3 c6 7. Qc2 h6 8. Bh4 b6 9. Rc1 Bb7 10. cxd5 cxd5 11. Bd3 O-O 12. O-O a6 13. Na4 Re8 14. Bg3 b5 15. Nc5 Qb6 16. Nxd7 Nxd7 17. Qc7 Qxc7 18. Rxc7 Bc8 19. Rfc1 Nf6 20. Kf1 Ne4 21. R1c6 Nxg3+ 22. hxg3 Rb8 23. Ra7 Bd8 24. Ne5 Bb7 25. Rd6 Re7 26. Rd7 Bb6 27. Rxe7 Bxa7 28. Nxf7 Kf8 29. Rd7 Bb6 30. Ne5 Bc8 31. Bh7 g5 32. Rf7+ Ke8 33. Bg6 1-0

[Event "DFMMLV 2019"]
[Site "Braunfels"]
[Date "2019.06.21"]
[Round "2.8"]
[White "Landenberger, Anja Kathrin"]
[Black "Noppes, Marina"]
[Result "1/2-1/2"]
[ECO "D02"]
[WhiteElo "1781"]
[BlackElo "1983"]
[Annotator "NA RC"]
[PlyCount "46"]
[EventDate "2019.06.20"]
[EventType "team-tourn"]
[EventCountry "GER"]
[SourceTitle "playchess.com"]
[Source "ChessBase"]
[SourceQuality "1"]
[WhiteTeam "Baden"]
[BlackTeam "Wuerttemberg 1"]
[TimeControl "40/5400+30:1800+30"]

1. d4 Nf6 2. Nf3 c5 3. c3 e6 4. Bf4 Be7 5. h3 O-O 6. e3 d5 7. Nbd2 b6 8. Be2 Bb7 9. O-O Nbd7 10. Ne5 Nxe5 11. Bxe5 Nd7 12. Bh2 Re8 13. Qa4 a6 14. Nf3 Bf6 15. Rad1 Qc8 16. b4 Bc6 17. Qb3 Bb5 18. Bxb5 axb5 19. bxc5 bxc5 20. Qxb5 Rxa2 21. Ra1 Rxa1 22. Rxa1 cxd4 23. cxd4 Rd8 1/2-1/2